 Dungeon Crawl Stone Soup version 0.23-a0-451-g1044d4c (webtiles) character file.

10565 rgaf the Cleaver (level 11, -1/106 HPs)
             Began as a Naga Berserker on Nov 24, 2018.
             Was a High Priest of Trog.
             Slain by a wolf (6 damage)
             ... led by Grum
             ... on level 11 of the Dungeon.
             The game lasted 00:09:57 (13327 turns).

rgaf the Cleaver (Naga Berserker)                  Turns: 13327, Time: 00:09:57

Health: -1/106     AC: 10    Str: 23    XL:     11   Next: 64%
Magic:  11/11      EV:  6    Int: 12    God:    Trog [*****.]
Gold:   454        SH:  0    Dex: 11    Spells: 10/10 levels left

rFire    . . .     SeeInvis +   s - +0 war axe
rCold    . . .     Gourm    .   (no shield)
rNeg     . . .     Faith    .   k - +0 chain mail
rPois    +         Spirit   .   (no helmet)
rElec    .         Reflect  .   (no cloak)
rCorr    +         Harm     .   (no gloves)
MR       +....                  (no barding)
Stlth    ..........             (no amulet)
HPRegen  0.27/turn              m - +5 ring of intelligence
MPRegen  0.12/turn              i - ring of resist corrosion

@: very slow
A: large, see invisible, deformed body, poison resistance, slowness 2, slow
metabolism 1, spit poison 1, AC +3
a: Spit Poison, Berserk, Trog's Hand, Brothers in Arms, Renounce Religion


You were on level 11 of the Dungeon.
You worshipped Trog.
Trog was extremely pleased with you.
You were hungry.

You visited 1 branch of the dungeon, and saw 11 of its levels.

You collected 454 gold pieces.

Inventory:

Hand Weapons
 a - a +1 hand axe
 s - a +0 war axe (weapon)
Armour
 b - a +0 animal skin
 h - a +0 plate armour
 k - a +0 chain mail (worn)
 B - a cursed +0 large shield
Jewellery
 d - an uncursed amulet of harm
 i - a ring of resist corrosion (right hand)
 m - a +5 ring of intelligence (left hand)
 r - an uncursed ring of ice {unknown}
 x - a cursed ring of teleportation {unknown}
Wands
 A - a wand of polymorph (5)
 F - a wand of disintegration (2)
Scrolls
 e - 2 scrolls of immolation {unknown}
 p - 5 scrolls of remove curse
 u - 4 scrolls of enchant weapon
 v - a scroll of magic mapping
 w - 3 scrolls of amnesia
 y - 2 scrolls of fear {unknown}
 D - 3 scrolls of identify
 E - 4 scrolls of blinking
 G - a scroll of fog {unknown}
Potions
 f - 3 potions of mutation
 g - a potion of haste
 j - 3 potions of flight
 l - 2 potions of heal wounds
 n - 2 potions of agility {unknown}
 o - 4 potions of degeneration
 q - 3 potions of berserk rage
 t - 5 potions of curing
 z - a potion of cancellation
 C - 2 potions of brilliance
Comestibles
 c - 15 rations


   Skills:
 + Level 9.6 Fighting
 * Level 12.8 Axes
 + Level 7.8 Armour
 - Level 1.5 Dodging


You had 10 spell levels left.
You didn't know any spells.
Your spell library was empty.

Dungeon Overview and Level Annotations

Branches:
Dungeon (11/15)            Temple (0/1) D:7            Lair (0/6) D:8
    Orc (0/2) D:10

Altars:
Fedhas
Gozag
Okawaru
Ru
Trog
Wu Jian
Xom
The Shining One

Shops:
D:5 }   D:7 (

Annotations:
D:11 Grum


Innate Abilities, Weirdness & Mutations

You cannot wear boots.
Your serpentine skin is tough. (AC +3)
You have supernaturally acute eyesight. (SInv)
Armour fits poorly on your strangely shaped body.
Your system is resistant to poisons. (rPois)
You cover ground very slowly.
You have a slow metabolism.
You can spit poison.


Message History

* * * LOW HITPOINT WARNING * * *
Grum bares his teeth.
You see here 2 large rocks.
The wolf bites you.
* * * LOW HITPOINT WARNING * * *
The wolf bites you.
* * * LOW HITPOINT WARNING * * *
The wolf bites you.
* * * LOW HITPOINT WARNING * * *
The wolf barely misses you. The wolf bites you but does no damage.
The wolf bites you but does no damage.
The vampire mosquito buzzes angrily.
The wolf bites you.
* * * LOW HITPOINT WARNING * * *
There is a stone staircase leading up, spattered with blood here.
The wolf barely misses you. x2; The wolf bites you.
* * * LOW HITPOINT WARNING * * *
The wolf barely misses you. The wolf bites you.
You die...

.#..........#.#(######
....h.h.##...Z.<(.....
#..g.(C#.##.......(.
#.###########(#
#.....[....
#.............#
#..........
############g.#
#.......... #...(...#
#.#########
###.##h#..# #.
#....h@h..# #.
#.#......## #....#..#
#.##.#..# #. .....# #
###.##


You could see a cyclops, Grum and 3 wolves.

Vanquished Creatures
  Urug (D:10)
  Psyche (D:11)
  2 trolls (D:10)
  A queen bee (D:10)
  2 hippogriffs
  Sigmund (D:2)
  10 yaks
  A wyvern (D:10)
  A wraith (D:10)
  2 vampire mosquitoes (D:11)
  2 hungry ghosts (D:10)
  A black bear (D:8)
  2 porcupines (D:8)
  An orc warrior (D:10)
  An ice beast (D:8)
  4 sky beasts
  5 phantoms
  7 ogres
  5 centaurs
  2 big kobolds
  8 bullfrogs
  A wyvern zombie (D:6)
  4 scorpions
  A water moccasin skeleton (D:6)
  20 killer bees
  2 troll zombies (D:10)
  4 howler monkeys
  3 wights (D:7)
  A crimson imp (D:10)
  A bullfrog zombie (D:10)
  A centaur zombie (D:9)
  4 hounds
  A jelly (D:6)
  A quasit (D:6)
  4 orc priests
  2 orc wizards
  4 centaur skeletons
  Jessica (D:2)
  7 worker ants
  6 ogre zombies (D:10)
  A hound zombie (D:6)
  3 worker ant zombies
  A howler monkey skeleton (D:7)
  6 adders
  6 gnolls
  3 shadow imps
  An ooze (D:1)
  2 adder zombies
  An adder skeleton (D:8)
  A dart slug (D:2)
  4 leopard geckos
  29 orcs
  3 giant cockroaches
  5 hobgoblins
  10 jackals
  13 kobolds
  6 quokkas
  4 ball pythons
  3 bats
  3 frilled lizards
  5 goblins
  A goblin skeleton (D:10)
  7 goblin zombies (D:10)
  A hobgoblin zombie (D:10)
  A leopard gecko skeleton (D:8)
  2 orc skeletons (D:10)
  14 orc zombies (D:10)
  A quokka skeleton (D:6)
  A quokka zombie (D:9)
  4 rats
  A plant (D:8)
271 creatures vanquished.

Vanquished Creatures (collateral kills)
  An ice beast (D:10)
  A hound (D:10)
2 creatures vanquished.

Vanquished Creatures (others)
  59 fungi (D:8)
  24 plants (D:8)
83 creatures vanquished.

Grand Total: 356 creatures vanquished

Notes
Turn   | Place    | Note
-------+----------+-------------------------------------------
     0 | D:1      | rgaf the Naga Berserker began the quest for the Orb.
     0 | D:1      | Reached XP level 1. HP: 21/21 MP: 1/1
    66 | D:1      | Reached XP level 2. HP: 17/28 MP: 2/2
  1065 | D:2      | Reached ** piety under Trog
  1065 | D:2      | Reached XP level 3. HP: 34/34 MP: 3/3
  1153 | D:2      | Noticed Sigmund
  1165 | D:2      | Killed Sigmund
  1165 | D:2      | Reached skill level 4 in Axes
  1165 | D:2      | Reached XP level 4. HP: 44/44 MP: 4/4
  1165 | D:2      | Reached XP level 5. HP: 50/50 MP: 5/5
  1331 | D:2      | Noticed Jessica
  1340 | D:2      | Killed Jessica
  1340 | D:2      | Reached skill level 5 in Axes
  1437 | D:2      | Reached XP level 6. HP: 57/57 MP: 6/6
  1515 | D:2      | Found an ornate altar of the Wu Jian Council.
  1556 | D:2      | Found a shimmering altar of Xom.
  1914 | D:3      | Found a blossoming altar of Fedhas.
  3261 | D:4      | Reached XP level 7. HP: 59/66 MP: 7/7
  3440 | D:4      | Reached skill level 6 in Axes
  3449 | D:4      | Reached *** piety under Trog
  3710 | D:4      | Found an iron altar of Okawaru.
  3951 | D:5      | Entered Level 5 of the Dungeon
  4184 | D:5      | Reached skill level 5 in Fighting
  4379 | D:5      | Found Malliry's Gadget Emporium.
  4447 | D:5      | Found an opulent altar of Gozag.
  4620 | D:6      | Found a bloodstained altar of Trog.
  4628 | D:6      | Reached XP level 8. HP: 68/74 MP: 8/8
  4816 | D:6      | Reached skill level 7 in Axes
  5600 | D:5      | Found a glowing golden altar of the Shining One.
  5689 | D:6      | Reached skill level 8 in Axes
  5765 | D:6      | Found a sacrificial altar of Ru.
  5980 | D:7      | Reached XP level 9. HP: 66/82 MP: 9/9
  6059 | D:7      | Found a staircase to the Ecumenical Temple.
  6208 | D:7      | Found a blossoming altar of Fedhas.
  6240 | D:7      | Reached skill level 5 in Armour
  6249 | D:7      | Reached **** piety under Trog
  6469 | D:7      | Reached skill level 9 in Axes
  6866 | D:7      | Found Sizevyi's Weapon Boutique.
  7540 | D:8      | Reached skill level 10 in Axes
  7886 | D:8      | Reached XP level 10. HP: 46/94 MP: 10/10
  8218 | D:8      | Found a staircase to the Lair.
  9519 | D:9      | Reached skill level 11 in Axes
  9527 | D:9      | Reached ***** piety under Trog
 10160 | D:10     | Entered Level 10 of the Dungeon
 10477 | D:10     | Noticed Urug
 10503 | D:10     | Reached XP level 11. HP: 104/104 MP: 11/11
 10514 | D:10     | Killed Urug
 10514 | D:10     | Reached skill level 12 in Axes
 10853 | D:10     | Found a staircase to the Orcish Mines.
 10896 | D:10     | Received a gift from Trog
 12610 | D:11     | Noticed Psyche
 12617 | D:11     | Killed Psyche
 12658 | D:11     | Noticed a cyclops
 13319 | D:11     | Noticed Grum
 13327 | D:11     | HP: 5/106 [wolf[Grum] (3)]
 13327 | D:11     | Slain by a wolf

Vault maps used:
D:1:      tarquinn_simple_flora_water_b, feat_on_display
D:2:      lemuel_doored_altar, first_ration, lemuel_altar_in_water,
          uniq_jessica, uniq_sigmund
D:3:      fedhas_ov_isle_minmay
D:4:      kennysheep_small_circle
D:5:      nicolae_overflow_hidden_temple, lemuel_coloured_pillars_altar,
          serial_shops, shop
D:6:      bloody_trog, hangedman_ru_absence
D:7:      nicolae_overflow_crystal_walls, minmay_temple_entry_wispy,
          serial_shops, kennysheep_mini
D:8:      due_lair_maze_entry_diamond
D:10:     zombieorc2_lemuel, david_nohive_1, grunt_ministairs_7, uniq_urug
D:11:     uniq_grum, uniq_psyche, uniq_josephine

Skill      XL: |  1  2  3  4  5  6  7  8  9 10 11 |
---------------+----------------------------------+-----
Armour         | 2 3 4 5 7 |  7.8
Fighting       | 4 5 6 7 8 9 |  9.6
Axes           | 4 5 6 8 10 11 12 | 12.8
Dodging        | |  1.5

Action                   |  1- 3 |  4- 6 |  7- 9 | 10-12 || total
-------------------------+-------+-------+-------+-------++-------
Melee: Hand axe          |    66 |    39 |       |       ||   105
       War axe           |       |    87 |   389 |   486 ||   962
Invok: Berserk           |     2 |     1 |     8 |    10 ||    21
       Brothers in Arms  |       |       |       |     1 ||     1
 Abil: Spit Poison       |       |       |     1 |       ||     1
Evoke: Wand              |       |       |       |    10 ||    10
  Use: Scroll            |     1 |       |    17 |       ||    18
       Potion            |       |       |     2 |       ||     2
  Eat: Chunk             |     1 |     8 |    13 |    14 ||    36
       Ration            |       |       |     2 |     5 ||     7
Armor: Chain mail        |    24 |    93 |   243 |   329 ||   689
       Animal skin       |     2 |       |       |       ||     2
Dodge: Dodged            |    26 |    61 |   157 |   207 ||   451

Table legend:
 A = Non-vault XP
 B = Vault XP
 C = Vault XP percentage of total XP
 D = Non-vault monster count
 E = Vault monster count
 F = Vault count percentage of total count
                 A         B        C        D         E       F
            +---------+---------+-------+---------+---------+-------
      Total |   10550 |    4543 |  30.1 |     205 |      67 |  24.6
            +---------+---------+-------+---------+---------+-------
        D:1 |      28 |       0 |   0.0 |      13 |       0 |   0.0
        D:2 |      41 |     268 |  86.7 |      15 |       2 |  11.8
        D:3 |     153 |       0 |   0.0 |      20 |       0 |   0.0
        D:4 |     313 |       3 |   0.9 |      21 |       1 |   4.5
        D:5 |     356 |       0 |   0.0 |       5 |       0 |   0.0
        D:6 |     970 |       0 |   0.0 |      22 |       0 |   0.0
        D:7 |     921 |       0 |   0.0 |      25 |       0 |   0.0
        D:8 |    1912 |    1045 |  35.3 |      35 |       9 |  20.5
        D:9 |    2625 |       0 |   0.0 |      25 |       0 |   0.0
       D:10 |    2880 |    2773 |  49.1 |      22 |      54 |  71.1
       D:11 |     351 |     454 |  56.4 |       2 |       1 |  33.3
            +---------+---------+-------+---------+---------+-------
